 Dungeon Crawl Stone Soup version 0.24.1 (webtiles) character file.

Game seed: 8159356111471472681, levelgen mode: deterministic

2708 Destapler the Protected (level 9, -4/89 HPs)
             Began as a Troll Warper on Mar 27, 2020.
             Slain by an ice beast (21 damage)
             ... on level 6 of the Dungeon.
             The game lasted 00:29:49 (5970 turns).

Destapler the Protected (Troll Warper)              Turns: 5970, Time: 00:29:49

Health: -4/89      AC: 16    Str: 21    XL:     9   Next: 39%
Magic:  17/17      EV:  8    Int: 11    God:
Gold:   114        SH:  0    Dex: 10    Spells: 18/20 levels left

rFire    + + .     SeeInvis .     - Unarmed
rCold    x . .     Gourm    +   (no shield)
rNeg     . . .     Faith    .   l - +0 fire dragon scales
rPois    .         Spirit   .   (helmet restricted)
rElec    .         Reflect  .   n - +0 cloak
rCorr    .         Harm     .   (gloves unavailable)
MR       .....     Rnd*Tele +   (boots unavailable)
Stlth    ..........             (no amulet)
HPRegen  0.64/turn              D - ring of attention (curse)
MPRegen  0.15/turn              C - ring of teleportation (curse)

@: no status effects
A: large, unfitting armour, claws 3, fast metabolism 3, gourmand, regeneration
1, shaggy fur 1, tough skin 3
a: no special abilities


You were on level 6 of the Dungeon.
You were very full.

You visited 1 branch of the dungeon, and saw 6 of its levels.
You also visited: Ossuary.

You collected 342 gold pieces.
You spent 228 gold pieces at shops.

Inventory:

Hand Weapons
 s - a +4 trident of freezing
Missiles
 b - 39 poisoned darts
 d - 5 boomerangs of dispersal (quivered)
 e - 173 stones
 u - 6 boomerangs
Armour
 a - a +0 robe
 l - +0 fire dragon scales (worn)
 n - a +0 cloak (worn)
Jewellery
 h - an uncursed ring of see invisible
 k - an uncursed ring of stealth
 w - an uncursed ring of stealth
 x - an uncursed ring of positive energy
 C - a cursed ring of teleportation (right claw)
 D - a cursed ring of attention (left claw)
Scrolls
 c - 4 scrolls of blinking
 i - a scroll of identify
 o - 3 scrolls of teleportation
 y - 2 scrolls of fear
 E - a scroll of enchant armour {unknown}
 F - a scroll of amnesia
Potions
 g - a potion of cancellation {unknown}
 j - a potion of lignification
 m - 2 potions of haste
 p - a potion of flight
 q - 2 potions of invisibility {unknown}
 r - a potion of brilliance
 t - 3 potions of agility {unknown}
 v - 5 potions of magic
 z - 6 potions of curing {unknown}
 A - 2 potions of might
Comestibles
 f - 7 rations
 B - 10 chunks of flesh


   Skills:
 + Level 6.0 Fighting
 - Level 0.8 Throwing
 - Level 8.4 Armour
 - Level 2.0 Dodging
 - Level 2.0 Unarmed Combat
 - Level 6.0 Spellcasting
 - Level 4.0 Translocations


You had 18 spell levels left.
You knew the following spells:

 Your Spells              Type           Power        Failure   Level  Hunger
b - Blink                 Tloc           N/A          16%         2    ##.....

Your spell library contained the following spells:

 Spells                   Type           Power        Failure   Level  Hunger
 Gell's Gravitas          Tloc           ##........   32%         3    ###....
 Lesser Beckoning         Tloc           ##........   32%         3    ###....
 Teleport Other           Tloc           ##......     32%         3    ###....
 Shroud of Golubria       Chrm/Tloc      #.....       36%         2    ##.....
 Passage of Golubria      Tloc           N/A          71%         4    ####...


Dungeon Overview and Level Annotations

Branches:
Dungeon (6/15)            Ossuary (visited)
 Temple: D:4-7

Altars:
Ashenzari
Fedhas
Gozag
Makhleb
Ru

Shops:
D:4 *   D:5 *


Innate Abilities, Weirdness & Mutations

You are too large for most types of armour.
You have claws for hands.
Your metabolism is lightning-fast.
You like to eat raw meat.
Your natural rate of healing is unusually fast.
You are covered in fur. (AC +1)
You have extremely tough skin. (AC +3)


Message History

The orc warrior is heavily wounded.
The ice beast hits you but does no damage.
The orc warrior hits you with a +0 dire flail!
* * * LOW HITPOINT WARNING * * *
You scratch the orc warrior.
The orc warrior is heavily wounded.
The ice beast hits you but does no damage.
The orc warrior hits you with a +0 dire flail!!
* * * LOW HITPOINT WARNING * * *
You scratch the orc warrior.
The orc warrior is severely wounded.
The ice beast barely misses you.
The orc warrior hits you with a +0 dire flail!
* * * LOW HITPOINT WARNING * * *
You closely miss the orc warrior.
The orc warrior is severely wounded.
The ice beast hits you.
* * * LOW HITPOINT WARNING * * *
The ice beast freezes you!!
You feel a terrible chill!
You die...

...# #..##**,,,,,,,...#####.
..## #..#**,,,.......#* #. ...#
#..#*,,,........* #. #..##
#.>#,,,*......,,* ## ##..#
*#....,**......,,* *#. ##.##
**#.....*##......,,****#..
#..###...##..##.....#**o,##,..#
##.....#***#.o.Y..#** *..#..,**
###....## *#.@..#* *.....#*
##.....## ##$..# **......#*
#..).#.### #..%# **,.......#
)..###...### ##.=####.,,,#.....
)###
#.....#####.........,*#####. ##
##.......##..###.....,* ##
#....##....###**#....,*
##...รท####.#####.,....,*
####..##.............,...,*


You could see an orc warrior and an ice beast.

Vanquished Creatures
  Eustachio (D:5)
  A sky beast (D:5)
  A phantom (D:4)
  4 ogres
  A bullfrog (D:6)
  A gnoll sergeant (D:3)
  A howler monkey (D:6)
  2 crimson imps
  2 centaur zombies (Ossuary)
  A quasit (D:5)
  6 orc priests
  Crazy Yiuf (D:2)
  3 orc wizards (D:6)
  A centaur skeleton (D:6)
  3 worker ants
  2 big kobold zombies (Ossuary)
  A hound skeleton (D:6)
  A hound zombie (D:5)
  2 mummies (Ossuary)
  2 worker ant zombies (D:5)
  4 gnolls
  5 adders
  A howler monkey skeleton (D:5)
  A shadow imp (D:6)
  4 oozes
  An adder skeleton (D:5)
  2 adder zombies (Ossuary)
  5 worms
  2 dart slugs
  2 leopard geckos (D:3)
  17 orcs
  8 bats
  6 giant cockroaches
  8 goblins
  9 hobgoblins
  6 jackals
  5 quokkas
  A ball python (D:1)
  2 frilled lizards (D:1)
  A goblin zombie (Ossuary)
  10 hobgoblin zombies (Ossuary)
  4 jackal zombies
  5 kobolds
  10 kobold zombies (Ossuary)
  A leopard gecko zombie (D:6)
  6 orc zombies (Ossuary)
  A quokka skeleton (D:5)
  7 rats
171 creatures vanquished.

Notes
Turn   | Place    | Note
-------+----------+-------------------------------------------
     0 | D:1      | Destapler the Troll Warper began the quest for the Orb.
     0 | D:1      | Reached XP level 1. HP: 19/19 MP: 1/1
   131 | D:1      | Reached XP level 2. HP: 28/28 MP: 2/2
   211 | D:1      | Learned a level 2 spell: Blink
   642 | D:2      | Reached XP level 3. HP: 32/36 MP: 3/3
  1119 | D:2      | Reached XP level 4. HP: 44/44 MP: 4/4
  1245 | D:2      | Found a runed translucent door.
  1246 | D:2      | Noticed Crazy Yiuf
  1533 | D:2      | Killed Crazy Yiuf
  1741 | D:3      | HP: 2/45 [gnoll/+0 spear (10)]
  1786 | D:2      | Reached XP level 5. HP: 16/53 MP: 5/5
  1949 | D:3      | Found a blossoming altar of Fedhas.
  2021 | D:3      | Found a shattered altar of Ashenzari.
  2398 | D:3      | Reached XP level 6. HP: 24/61 MP: 5/7
  2530 | D:3      | Found a shattered altar of Ashenzari.
  2611 | D:3      | Found a blossoming altar of Fedhas.
  3073 | D:4      | Found Gozag's Platinum Reserve.
  3074 | D:4      | Found an opulent altar of Gozag.
  3386 | D:4      | Reached XP level 7. HP: 36/70 MP: 8/10
  3791 | D:5      | Entered Level 5 of the Dungeon
  4134 | D:5      | Noticed Eustachio
  4153 | D:5      | Killed Eustachio
  4189 | D:5      | Found Hausab's Assorted Antiques.
  4206 | D:5      | Bought a sedimented green potion for 27 gold pieces
  4206 | D:5      | Bought 3 scrolls labeled SITIUFUT SETT for 90 gold pieces
  4206 | D:5      | Bought a yellow potion for 27 gold pieces
  4206 | D:5      | Bought a scroll labeled XAMNYJ AGGAXO for 30 gold pieces
  4206 | D:5      | Bought a lumpy silvery potion for 27 gold pieces
  4206 | D:5      | Bought a green potion for 27 gold pieces
  4289 | D:5      | Reached XP level 8. HP: 79/79 MP: 12/12
  4327 | D:5      | Reached skill level 8 in Armour
  4327 | D:5      | Reached XP level 9. HP: 87/87 MP: 12/17
  4733 | D:5      | Found a burning altar of Makhleb.
  4743 | D:5      | Reached skill level 5 in Fighting
  4936 | D:6      | Found a sand-covered staircase.
  4957 | Ossuary  | Entered an ossuary
  5304 | D:6      | Found a sacrificial altar of Ru.
  5682 | D:6      | HP: 4/89 [orc warrior/+0 dire flail (6)]
  5970 | D:6      | Slain by an ice beast

Levels and vault maps discovered:
D:1:      evilmike_arrival_rings, layout_rooms, hex_tiny,
          corexii_leaking_fountain
D:2:      layout_loops_corners, uniq_crazy_yiuf_cottage
D:3:      layout_loops_ring, fedhas_altar_2, cheibrodos_ashenzari_chains
D:4:      minmay_diamond_boxcup, layout_loops_ring,
          nicolae_gozag_zags_fifth_avenue
D:5:      layout_gridville, first_ration, serial_shops, kennysheep_little_box,
          bloody_makhleb, uniq_eustachio
D:6:      layout_layer_cave, eat_drink_and_be_merry_uskayaw,
          nicolae_ru_great_annihilating_truth, nicolae_ossuary_entry_ruins,
          uniq_menkaure

Skill      XL: |  1  2  3  4  5  6  7  8  9 |
---------------+----------------------------+-----
Fighting       | 2 3 4 6 |  6.0
Translocations | 3 4 |  4.0
Dodging        | 2 |  2.0
Spellcasting   | 2 3 6 |  6.0
Armour         | 8 |  8.4
Throwing       | |  0.8
Unarmed Combat | |  2.0

Action                   |  1- 3 |  4- 6 |  7- 9 || total
-------------------------+-------+-------+-------++-------
Melee: Unarmed           |   119 |   166 |   377 ||   662
       Punch             |     2 |     1 |     2 ||     5
 Cast: Blink             |     1 |     3 |     3 ||     7
  Use: Scroll            |       |     2 |    14 ||    16
       Potion            |       |       |     1 ||     1
 Stab: Paralysed         |       |       |     1 ||     1
  Eat: Chunk             |    16 |    16 |    29 ||    61
Armor: Robe              |    46 |    12 |       ||    58
       Fire dragon scale |       |    57 |   278 ||   335
Dodge: Dodged            |    55 |    46 |   145 ||   246
